 Dungeon Crawl Stone Soup version 0.17-a0-1769-g54adf96 (webtiles) character file.

332 inmateoo the Magician (level 6, -3/36 HPs)
             Began as a High Elf Earth Elementalist on Sept 4, 2015.
             Slain by a phantom (9 damage)
             ... on level 5 of the Dungeon on Sept 7, 2015.
             The game lasted 00:10:36 (3581 turns).

inmateoo the Magician (High Elf Earth Elementalist) Turns: 3581, Time: 00:10:36

Health: -3/36      AC:  5    Str:  7    XL:     6   Next: 26%
Magic:  12/14      EV: 14    Int: 20    God:
Gold:   178        SH:  0    Dex: 17    Spells: 3 memorised, 8 levels left

rFire  . . .     SeeInvis +     q - +3 short sword (elec)
rCold  . . .     Clarity  .     b - +0 robe
rNeg   . . .     SustAt   .     (no shield)
rPois  .         Gourm    .     n - +0 helmet
rElec  .         Spirit   .     t - +0 cloak
rCorr  .         Warding  .     (no gloves)
rMut   .         Stasis   .     o - +0 pair of boots
MR     .....                    (no amulet)
Stlth  +++.......               (no ring)
                                j - ring of see invisible

@: flying, not resistant to hostile enchantments, fairly stealthy
A: no striking features
a: no special abilities


You were on level 5 of the Dungeon.
You were hungry.

You visited 1 branch of the dungeon, and saw 5 of its levels.

You collected 178 gold pieces.

Inventory:

Hand weapons
 q - a +3 short sword of electrocution (weapon)
Missiles
 a - 46 stones (quivered)
 h - a throwing net
Armour
 b - a +0 robe (worn)
 n - a +0 helmet (worn)
 o - a +0 pair of boots (worn)
 t - a +0 cloak (worn)
Jewellery
 j - a ring of see invisible (left hand)
Scrolls
 e - a scroll of identify
 f - 2 scrolls of fog
 x - 3 scrolls of teleportation
Potions
 g - a potion of invisibility
 i - a potion of brilliance
 v - a potion of cancellation
Books
 c - a book of Geomancy

   Spells                             Type                      Level
   a - Sandblast                      Earth                        1
   b - Stoneskin                      Transmutation/Earth          2
   c - Passwall                       Transmutation/Earth          3
   d - Stone Arrow                    Conjuration/Earth            3
   e - Petrify                        Transmutation/Earth          4
   f - Lee's Rapid Deconstruction     Earth                        5
Comestibles
 d - 2 bread rations
 k - a slice of pizza
 s - 4 meat rations


   Skills:
 + Level 4.2 Dodging
 + Level 4.0 Stealth
 * Level 4.8 Spellcasting
 - Level 1.1 Transmutations
 + Level 3.2 Earth Magic


You had 8 spell levels left.
You knew the following spells:

 Your Spells              Type           Power        Failure   Level  Hunger
a - Sandblast             Erth           ###...       3%          1    None
b - Stoneskin             Trmt/Erth      ##......     10%         2    #......
c - Stone Arrow           Conj/Erth      ##....       21%         3    ##.....


Dungeon Overview and Level Annotations

Branches:
Dungeon (5/15)             Temple (0/1) D:5

Altars:
Ashenzari
Cheibriados
Dithmenos
Fedhas

Shops:
D:5 =

Annotations:
D:4 Sigmund


Message History

Aiming: Sandblast
Press: ? - help, Shift-Dir - straight line, f - phantom
Aim: a phantom (almost destroyed)
The blast of sand hits the phantom.
The phantom is almost destroyed.
The phantom hits you.
* * * LOW HITPOINT WARNING * * *
Drink which item? (? for menu, Esc to quit)
It was a potion of flight.
You feel very buoyant.
You fly up into the air.
The phantom barely misses you.
Casting: Sandblast
Confirm with . or Enter, or press ? or * to list all spells.
Aiming: Sandblast
Press: ? - help, Shift-Dir - straight line, f/p - phantom
Aim: a phantom (almost destroyed)
The blast of sand hits the phantom.
The phantom is almost destroyed.
The phantom hits you!
You die...

##.# #.#
#.......# ...#
#.###.......#
.###
#...##......#
##
###.......#.##
#
####......<.##
##.####....#
#..####.....
#.......###
#..@....#
#.W§§...#
##..§...#
#.....##
#######


You could see a phantom.

Vanquished Creatures
  A phantom (D:5)
  A giant frog (D:3)
  2 orc wizards (D:5)
  2 adders (D:2)
  An ooze (D:2)
  A worm (D:2)
  7 giant geckos
  16 orcs
  A ball python (D:3)
  7 bats
  6 giant cockroaches
  3 goblins
  8 hobgoblins
  4 jackals
  7 kobolds
  A quokka (D:5)
  4 giant newts
  5 rats
77 creatures vanquished.

Notes
Turn   | Place    | Note
--------------------------------------------------------------
     0 | D:1      | inmateoo the High Elf Earth Elementalist began the quest for the Orb.
     0 | D:1      | Reached XP level 1. HP: 11/11 MP: 4/4
   381 | D:1      | Found a shattered altar of Ashenzari.
   387 | D:1      | Reached XP level 2. HP: 17/17 MP: 4/6
  1075 | D:2      | Found a blossoming altar of Fedhas.
  1083 | D:2      | Found a snail-covered altar of Cheibriados.
  1091 | D:2      | Reached skill level 3 in Spellcasting
  1146 | D:2      | Reached XP level 3. HP: 18/21 MP: 4/8
  1693 | D:3      | Reached XP level 4. HP: 27/27 MP: 6/9
  1939 | D:3      | Learned a level 2 spell: Stoneskin
  1943 | D:3      | Learned a level 3 spell: Stone Arrow
  1958 | D:3      | Found a shattered altar of Ashenzari.
  2091 | D:3      | Noticed a giant frog
  2095 | D:3      | Killed a giant frog
  2095 | D:3      | Reached XP level 5. HP: 26/31 MP: 6/11
  2334 | D:4      | Upgraded the game from 0.17-a0-1763-g847a857 to 0.17-a0-1769-g54adf96
  2506 | D:4      | Reached skill level 4 in Spellcasting
  2642 | D:4      | Noticed Sigmund
  2663 | D:5      | Entered Level 5 of the Dungeon
  2839 | D:5      | Found a shadowy altar of Dithmenos.
  2839 | D:5      | Noticed a phantom
  2855 | D:5      | Killed a phantom
  2855 | D:5      | Reached XP level 6. HP: 18/36 MP: 13/13
  2975 | D:5      | Found a staircase to the Ecumenical Temple.
  3444 | D:5      | Found Xialacep's Jewellery Emporium.
  3560 | D:5      | Noticed a phantom
  3581 | D:5      | Slain by a phantom

Vault maps used:
D:1:      grunt_arrival_crossed_arrows, ashenzari_altar_1
D:2:      cheibriados_altar_1, fedhas_altar_2
D:3:      old_standard_altar
D:4:      gammafunk_temple_overflow_forgotten, first_bread,
          grunt_decor_fettered, uniq_sigmund, uniq_menkaure
D:5:      grunt_dithmenos_shadows, minmay_temple_entry_purple_smoke,
          portal_sewer_entry_f, serial_shops, shop

Action                   |  1- 3 |  4- 6 || total
-------------------------+-------+-------++-------
Melee: Unarmed           |    10 |       ||    10
       Dagger            |    20 |       ||    20
       Short sword       |       |    60 ||    60
 Cast: Sandblast         |    62 |    63 ||   125
  Use: Scroll            |       |    14 ||    14
       Potion            |       |     3 ||     3
 Stab: Sleeping          |     2 |       ||     2
  Eat: Chunk             |     2 |     4 ||     6
       Pizza             |       |     1 ||     1
